 Dungeon Crawl Stone Soup version 0.26.0-3-g156281e41b (webtiles) character file.

Game seed: 1481879616071059290

140 jackrogers the Chopper (level 5, -8/46 HPs)
             Began as a Minotaur Berserker on Jan 10, 2021.
             Was a Follower of Trog.
             Killed by divine providence
             ... invoked by an orc priest
              (16 damage)
             ... on level 3 of the Dungeon.
             The game lasted 00:02:31 (2047 turns).

jackrogers the Chopper (Minotaur Berserker)         Turns: 2047, Time: 00:02:32

Health: -8/46      AC: 11    Str: 23    XL:     5   Next: 2%
Magic:  4/4        EV:  2    Int:  4    God:    Trog [*.....]
Gold:   105        SH: 12    Dex:  9    Spells: 4/4 levels left

rFire    . . .     SeeInvis .   a - +0 hand axe
rCold    . . .     Faith    .   s - +0 tower shield
rNeg     . . .     Spirit   .   o - +0 plate armour
rPois    .         Reflect  .   (helmet restricted)
rElec    .         Harm     .   h - scarf {shadows}
rCorr    .         Rampage  .   (no gloves)
Will     .....                  (no boots)
Stlth    ..........             (no amulet)
HPRegen  0.15/turn              (no ring)
MPRegen  0.09/turn              (no ring)

@: mighty
A: retaliatory headbutt, horns 2
a: Renounce Religion, Berserk


You were on level 3 of the Dungeon.
You worshipped Trog.
Trog was aware of your devotion.
You visited 1 branch of the dungeon, and saw 3 of its levels.

You collected 105 gold pieces.

Inventory:

Hand Weapons
 a - a +0 hand axe (weapon)
Missiles
 k - 47 stones (quivered)
Armour
 b - a +0 animal skin
 h - a scarf of shadows (worn)
   (You found it on level 1 of the Dungeon)
 o - a +0 plate armour (worn)
   (You found it on level 2 of the Dungeon)
 s - a +0 tower shield (worn)
   (You found it on level 2 of the Dungeon)
Jewellery
 d - a cursed ring of teleportation {unknown}
   (You found it on level 1 of the Dungeon)
 m - an uncursed ring of fire {unknown}
   (You found it on level 2 of the Dungeon)
Scrolls
 e - 3 scrolls of remove curse {unknown}
 f - a scroll of fog {unknown}
 g - 2 scrolls of teleportation {unknown}
 j - 2 scrolls of identify {unknown}
 l - a scroll of amnesia {unknown}
 p - 2 scrolls of magic mapping {unknown}
 q - a scroll of enchant weapon {unknown}
Potions
 c - 3 potions of might
 i - a potion of haste {unknown}
 n - 2 potions of curing {unknown}
 r - 2 potions of heal wounds {unknown}


   Skills:
 - Level 3.8 Fighting
 * Level 6.5 Axes
 - Level 2.7 Armour
 - Level 2.5 Dodging
 + Level 0.0 Shields


You had 4 spell levels left.
You didn't know any spells.
Your spell library was empty.

Dungeon Overview and Level Annotations

Branches:
Dungeon (3/15)

Altars:
Ashenzari
Sif Muna


Innate Abilities, Weirdness & Mutations

You reflexively headbutt those who attack you in melee.
You have a pair of horns on your head.


Message History

Done exploring.
(D) Dungeon
Where to? (Enter - D:2, ? - help)
There is a stone staircase leading down here.
You climb downwards.
There is a stone staircase leading up here.
p - 2 scrolls labelled ZATADW DACAIXOCWO (gained 1)
You open the door.
A goblin comes into view. It is wielding a +0 club.
The goblin shouts!
You hear a shout!
A goblin is nearby!
A goblin is nearby!
You throw a stone. The stone hits the goblin.
A goblin comes into view.
Your shield and plate armour prevent you from hitting the goblin.
The goblin shouts!
You hit the goblin but do no damage.
The goblin wields a +0 hunting sling.
The goblin shoots a stone.
You block the stone. You block the goblin's attack.
Your shield and plate armour prevent you from hitting the goblin.
The goblin hits you but does no damage.
The goblin shoots a stone.
You block the stone.
You hit the goblin.
You kill the goblin!
Trog accepts your kill.
The goblin shoots a stone.
The stone hits you but does no damage.
You throw a stone. The stone hits the goblin.
The goblin shoots a stone.
The stone hits you but does no damage.
You throw a stone. The stone closely misses the goblin.
The goblin shoots a stone.
You block the stone.
You throw a stone. The stone closely misses the goblin.
The goblin shoots a stone.
The stone hits you but does no damage.
You throw a stone.
The stone hits the goblin but does no damage.
The goblin shoots a stone.
The stone barely misses you.
The goblin shoots a stone.
The stone hits you but does no damage.
You throw a stone. The stone hits the goblin.
You hit the goblin.
You kill the goblin!
Trog accepts your kill.
No target in view!
k - 30 stones (gained 7)
k - 43 stones (gained 13)
There is an open door here.
You see here a +0 hunting sling.
k - 49 stones (gained 6)
You now have 105 gold pieces (gained 13).
You open the door.
There is an open door here.
You open the door. 3 orcs come into view.
An orc is wielding a +2 whip of distortion.
The orc shouts! x2
An orc priest comes into view. It is wielding a +0 dagger.
Spoiler Alert: The orc priest (wandering) can smite you!
You throw a stone. The stone barely misses the orc.
Spoiler Alert: The orc priest can smite you!
You throw a stone.
The stone hits the orc but does no damage.
The orc priest looks encouraged for a moment.
You hit the orc but do no damage. The orc hits you but does no damage.
You hit the orc but do no damage. You closely miss the orc. You hit the orc.
You block the orc's attack. The orc hits you but does no damage.
Space bends around you. You block the orc's attack.
The orc priest begins to cast a cantrip, but forgets the words!
Spoiler Alert: The orc priest can smite you!
You hit the orc. You headbutt the orc.
You kill the orc!
Trog accepts your kill.
Your shield and plate armour prevent you from hitting the orc.
The orc priest casts a cantrip, but nothing happens.
You hit the orc. You block the orc's attack.
Spoiler Alert: The orc priest can smite you!
You completely miss the orc. You hit the orc.
The orc hits you but does no damage. x2
Space warps horribly around you!
You barely miss the orc. x2; The orc hits you with a +0 hand axe.
You block the orc's attack.
You hit the orc but do no damage. You hit the orc. The orc barely misses you.
You furiously retaliate!
You headbutt the orc. The orc hits you but does no damage.
Space warps horribly around you!!
Spoiler Alert: The orc priest can smite you!
You barely miss the orc. You closely miss the orc.
The orc hits you but does no damage. Space bends around you.
* * * LOW HITPOINT WARNING * * *
The orc hits you with a +0 hand axe.
* * * LOW HITPOINT WARNING * * *
The orc priest calls upon Beogh to heal the orc.
The orc's wounds heal themselves!
Spoiler Alert: The orc priest can smite you!
Unknown command.
It was a potion of might.
You feel very mighty all of a sudden. The orc completely misses you.
The orc priest calls down the wrath of Beogh upon you.
Beogh smites you!
You die...

.......#
......# o....#
.(..+ .(. #o#
#####o#
+...@o##
#......######.
#......'......
#......######.
#......#
######.#
#######)###
.......)..#
..........#


You could see an orc priest and 2 orcs.

Vanquished Creatures
  A sky beast (D:2)
  An adder (D:2)
  An ooze (D:2)
  A worm (D:2)
  A dart slug (D:1)
  A leopard gecko (D:2)
  An orc (D:3)
  3 bats (D:2)
  4 goblins
  2 hobgoblins
  2 jackals (D:1)
  A kobold (D:1)
  A quokka (D:2)
  4 frilled lizards
  4 rats
28 creatures vanquished.

Notes
Turn   | Place    | Note
-------+----------+-------------------------------------------
     0 | D:1      | jackrogers the Minotaur Berserker began the quest for the
                  | Orb.
     0 | D:1      | Reached XP level 1. HP: 19/19 MP: 0/0
   424 | D:1      | Reached XP level 2. HP: 25/27 MP: 1/1
  1023 | D:2      | Reached skill level 4 in Axes
  1264 | D:2      | Found a broken altar of Ashenzari.
  1267 | D:2      | Found a shimmering blue altar of Sif Muna.
  1355 | D:2      | Reached XP level 3. HP: 30/33 MP: 2/2
  1398 | D:2      | Found a faded altar of an unknown god.
  1499 | D:2      | Noticed a sky beast
  1520 | D:2      | Killed a sky beast
  1521 | D:2      | Reached skill level 6 in Axes
  1521 | D:2      | Reached XP level 4. HP: 32/40 MP: 3/3
  1851 | D:2      | Reached XP level 5. HP: 46/46 MP: 4/4
  2046 | D:3      | HP: 11/46 [orc/+2 whip of distortion (6)]
  2047 | D:3      | Killed from afar by an orc priest

Illustrated notes

Levels and vault maps discovered:
D:1:      dpeg_arrival_arbitrary_b, layout_basic
D:2:      layout_basic, grunt_temple_overflow_open,
          chequers_ecumenical_altar_simple
D:3:      layout_basic

Skill      XL: |  1  2  3 |
---------------+----------+-----
Axes           | 4 6 |  6.5
Fighting       | |  3.8
Armour         | |  2.7
Dodging        | |  2.5

Action                   |  1- 3 |  4- 6 || total
-------------------------+-------+-------++-------
Melee: Hand axe          |    64 |    19 ||    83
       Headbutt          |    14 |     1 ||    15
Throw: Stone             |    35 |    13 ||    48
  Use: Potion            |       |     1 ||     1
 Stab: Sleeping          |     1 |       ||     1
Armor: Animal skin       |     2 |       ||     2
       Plate armour      |    18 |    12 ||    30
Dodge: Dodged            |    33 |     4 ||    37
Block: Tower shield      |       |     8 ||     8

Table legend: (Time is in decaauts)
 A = Elapsed time spent in this place.
 B = Non-inter-level travel time spent in this place.
 C = Inter-level travel time spent in this place.
 D = Time resting spent in this place.
 E = Time spent auto-exploring this place.
 F = Levels seen in this place.
 G = Mean time per level.
                   A        B        C        D        E       F      G
               +--------+--------+--------+--------+--------+-----+--------+
         Total |   2060 |   2032 |     28 |    192 |   1576 |   3 |  686.7 |
       Dungeon |   2060 |   2032 |     28 |    192 |   1576 |   3 |  686.7 |
               +--------+--------+--------+--------+--------+-----+--------+

Top non-repeatable levels by time:
     D:2: 1126 daAuts
     D:1: 881 daAuts
     D:3: 51 daAuts

Table legend:
 A = Kills in this place as a percentage of kills in entire the game.
 B = Kills by you in this place as a percentage of kills by you in the entire game.
 C = Kills by friends in this place as a percentage of kills by friends in the entire game.
 D = Other kills in this place as a percentage of other kills in the entire game.
 E = Experience gained in this place as a percentage of experience gained in the entire game.
 F = Experience gained in this place divided by the number of levels of this place that you have seen.
                   A       B       C       D       E      F
               +-------+-------+-------+-------+-------+----------------------
         Total | 100.0 | 100.0 |   N/A |   N/A | 100.0 |  67.0
       Dungeon | 100.0 | 100.0 |   N/A |   N/A | 100.0 |  67.0
               +-------+-------+-------+-------+-------+----------------------
